 Seeded DCSS version 0.31-a0-325-g067879e3d3 (webtiles) character file.

Game seed: 14215367866634240820 (custom seed)

11110 innerfire43 the Fighter (level 11, -10/87 HPs)
             Began as a Demonspawn Monk on July 18, 2023.
             Was a High Priest of Cheibriados.
             Mangled by a soul eater (12 damage)
             ... summoned by an orc high priest
             ... on level 2 of the Orcish Mines.
             The game lasted 00:16:45 (7558 turns).

innerfire43 the Fighter (Demonspawn Monk)           Turns: 7558, Time: 00:16:46

Health: -10/87     AC:  8    Str: 31    XL:     11   Next: 45%
Magic:  11/11      EV: 17    Int: 25    God:    Cheibriados [*****.]
Gold:   1267       SH: 24    Dex: 29    Spells: 10/10 levels left

rFire   . . .        M - +5 broad axe (flame)
rCold   + . .        b - +3 tower shield of Inaction {rElec rC+}
rNeg    . . .        w - +4 troll leather armour {Pargi}
rPois   +            (helmet restricted)
rElec   +            (no cloak)
rCorr   +            R - +0 pair of gloves
SInv    .            o - +0 pair of boots
Will    .....        Q - amulet of magic regeneration
Stlth   ++           t - ring of resist corrosion
HPRegen 1.14/turn    J - ring of poison resistance
MPRegen 0.52/turn

%: no passive effects
@: lethally poisoned (-10 -> -10), corroded, very slow
A: horns 1, large bone plates 1, demonic guardian 2, icemail 1, condensation
shield
a: Renounce Religion, Bend Time, Temporal Distortion, Slouch, Step From Time


You were on level 2 of the Orcish Mines.
You worshipped Cheibriados.
Cheibriados was extremely pleased with you.
You visited 3 branches of the dungeon, and saw 12 of its levels.
You also visited: Sewer.

You collected 2260 gold pieces.
You spent 993 gold pieces at shops.

Inventory:

Hand Weapons
 y - the +1 long sword "Demon's Foe" {pain, *Slow rPois Str-4 Int+5}
   (You found it on level 6 of the Dungeon)

   Str:       It affects your strength (-4).
   Int:       It affects your intelligence (+5).
   rPois:     It protects you from poison.
   *Slow:     It may slow you when you take damage.
 M - a +5 broad axe of flaming (weapon)
Missiles
 a - 3 throwing nets
 g - 5 silver javelins (quivered)
Armour
 b - the +3 tower shield of Inaction (worn) {rElec rC+}
   (You bought it in a shop on level 2 of the Orcish Mines)

   rC:        It protects you from cold.
   rElec:     It insulates you from electricity.
 d - an orb of light
 l - a +2 helmet
 o - a +0 pair of boots (worn)
 w - a +4 troll leather armour (worn) {Pargi}
 R - a +0 pair of gloves (worn)
Jewellery
 t - a ring of resist corrosion (left hand)
 G - a ring of see invisible
 I - a ring of flight
 J - a ring of poison resistance (right hand)
 Q - an amulet of magic regeneration (around neck)
Talismans
 A - a serpent talisman
Wands
 i - a wand of roots (19)
 v - a wand of mindburst (17)
 x - a wand of polymorph (26)
 C - a wand of quicksilver (17)
 F - a wand of paralysis (22)
 U - a wand of flame (29)
Scrolls
 h - a scroll of fog
 B - 2 scrolls of vulnerability
 H - a scroll of fear
 S - a scroll of teleportation
Potions
 j - 3 potions of ambrosia
 m - 5 potions of curing
 u - a potion of lignification
 z - a potion of attraction
 K - 2 potions of might
 L - 3 potions of brilliance
 P - a potion of magic


   Skills:
 - Level 8.4 Fighting
 - Level 8.2 Axes
 - Level 8.1 Armour
 - Level 7.0 Dodging
 * Level 3.2 Shields
 - Level 5.8 Shapeshifting


You had 10 spell levels left.
You didn't know any spells.
Your spell library contained the following spells:

 Spells                   Type           Power      Damage    Failure   Level
 Apportation              Tloc           0%         N/A       52%         1
 Necrotise                Necr           0%         1d4       52%         1
 Sandblast                Erth           0%         2d4       52%         1
 Summon Small Mammal      Summ           0%         N/A       52%         1
 Passwall                 Tmut/Erth      0%         N/A       67%         2
 Sublimation of Blood     Necr           0%         N/A       67%         2
 Gell's Gravitas          Tloc           0%         N/A       88%         3
 Stone Arrow              Conj/Erth      0%         3d7       88%         3
 Teleport Other           Tloc           0%         N/A       88%         3
 Petrify                  Tmut/Erth      0%         N/A       99%         4
 Irradiate                Conj/Tmut      0%         3d11      100%        5
 Dispersal                Tloc           0%         N/A       100%        6


Dungeon Overview and Level Annotations

Branches:
Dungeon (9/15)             Temple (1/1) D:7            Lair (0/5) D:9
    Orc (2/2) D:9             Elf (0/3) Orc:2         Sewer (visited)

Altars:
Ashenzari
Cheibriados
Dithmenos
Fedhas
Gozag
Hepliaklqana
Kikubaaqudgha
Makhleb
Nemelex Xobeh
Okawaru
Qazlal
Ru
Sif Muna
Trog
Uskayaw
Vehumet
Wu Jian
Xom
Yredelemnul

Shops:
D:4 [   D:5 *   D:7 *   D:9 !   Orc:2 [


Innate Abilities, Weirdness & Mutations

You have a pair of small horns on your head.
You are partially covered in large bone plates. (SH +4)
A demonic guardian rushes to your aid.
A meltable icy envelope protects you from harm. (AC +0)
A meltable shield of frost defends you. (SH +0)


Message History

The orange demon misses you. You block the orange demon's attack.
Blink to where?
Press: ? - help, Dir - move target
As you read the scroll of blinking, it crumbles to dust.
You feel sick.
An ogre comes into view. It is wielding a +0 giant spiked club.
Something closely misses your ice devil.
The smoke demon hits your ice devil but does no damage. x2
The smoke demon hits your ice devil.
You feel very sick. Something hits your ice devil.
The smoke demon closely misses your ice devil.
The smoke demon barely misses your ice devil.
The smoke demon hits your ice devil but does no damage.
The orc high priest utters an invocation to Beogh.
The neqoxec hits your ice devil.
Your ice devil hits the neqoxec.
Your ice devil freezes the neqoxec!
You feel sick.
The hellwing swoops through the air toward you!
You block the hellwing's attack. The hellwing hits you.
* * * LOW HITPOINT WARNING * * *
You feel sick.
Your ice devil closely misses the orc high priest.
The hellwing closely misses you. You block the hellwing's attack.
You hear some strange, mumbled words.
A magic dart appears from out of thin air!
The magic dart hits you.
* * * LOW HITPOINT WARNING * * *
Something hits your ice devil. You block the hellwing's attack.
The hellwing hits you but does no damage.
The hellwing attacks as you move away! The hellwing hits you.
* * * LOW HITPOINT WARNING * * *
You block the hellwing's attack.
You feel sick. Something hits you but does no damage.
The orc high priest mumbles some strange prayers.
The orc high priest calls down the wrath of Beogh upon you.
Beogh smites you!
* * * LOW HITPOINT WARNING * * *
The soul eater draws from the surrounding life force!
You die...

.......#...###..<...#
....#..#..........###
....#####.........#
... ###.....)##
#.....))).##
......)))..#
...........###
.........#
.........O.4.##
........#
....##..@....#
........#. ..##
##......###.#.......
..
###.>..o..#....4..oo.
.......).4###.o44o.o..
.......#...))o43.o..#
............34oo..oo.#
.......##.#.)#)3o....#
......##.....#.......#
..... ##.#...#.#.#..#


You could see a soul eater (summoned), an orc high priest (ally target), a
hellwing (summoned), a rust devil (summoned), an ogre and a friendly ice devil
(summoned, corroded).

Vanquished Creatures
  An orc high priest (Orc:2)
  Nergalle (Orc:1)
  An orc knight (Orc:1)
  Maggie (D:7)
  4 trolls
  A hornet (D:9)
  4 yaks
  A steam dragon (D:8)
  A warg (Orc:1)
  2 water moccasins
  Duvessa (Temple)
  Pargi (Sewer)
  2 ice beasts
  2 sky beasts
  2 black bears
  3 ogres (Orc:1)
  15 orc warriors
  A centaur (D:8)
  A kobold brigand (D:8)
  A phantom (D:5)
  A bullfrog (D:9)
  3 scorpions
  A gnoll sergeant (D:9)
  7 wights (D:7)
  Dowan (D:7)
  3 killer bees (D:9)
  A howler monkey (D:9)
  5 hounds
  17 orc priests
  3 iguanas
  18 orc wizards
  7 gnolls
  4 adders
  2 white imps
  2 worms
  2 dart slugs
  54 orcs
  9 ball pythons
  10 endoplasms
  8 giant cockroaches
  9 goblins
  6 hobgoblins
  6 jackals (D:1)
  14 kobolds
  9 quokkas
  5 bats
  6 frilled lizards
  4 rats
263 creatures vanquished.

Vanquished Creatures (collateral kills)
  Harold (Orc:1)
  Pikel (D:7)
  4 yaks (D:7)
  A steam dragon (D:7)
  A black bear (D:4)
  A wight (D:7)
  Ijyb (D:4)
  Terence (D:3)
  A gnoll (D:2)
  A quokka (D:1)
  A ball python (D:4)
14 creatures vanquished.

Vanquished Creatures (others)
  A wyvern (D:8)
  An orc warrior (D:8)
  An orc wizard (D:8)
3 creatures vanquished.

Grand Total: 280 creatures vanquished

Notes
Turn   | Place    | Note
-------+----------+-------------------------------------------
     0 | D:1      | innerfire43 the Demonspawn Monk began the quest for the
                  | Orb.
     0 | D:1      | Reached XP level 1. HP: 18/18 MP: 1/1
    59 | D:1      | Gained mutation: A weak demonic guardian rushes to your
                  | aid. [demonic ancestry]
    59 | D:1      | Reached XP level 2. HP: 16/24 MP: 2/2
   490 | D:1      | Reached XP level 3. HP: 29/29 MP: 3/3
  1225 | D:2      | Reached skill level 1 in Armour
  1232 | D:2      | Gained mutation: A demonic guardian rushes to your aid.
                  | [demonic ancestry]
  1232 | D:2      | Reached XP level 4. HP: 32/35 MP: 4/4
  1707 | D:3      | Noticed Terence
  1724 | D:3      | Killed Terence
  1725 | D:3      | Reached XP level 5. HP: 29/41 MP: 5/5
  2777 | D:4      | Noticed a black bear
  2785 | D:4      | Killed a black bear
  2786 | D:4      | Reached XP level 6. HP: 36/47 MP: 6/6
  2930 | D:4      | Noticed Ijyb
  2944 | D:4      | Killed Ijyb
  3220 | D:4      | Found a glowing drain.
  3240 | Sewer    | Entered a sewer
  3277 | Sewer    | Noticed Pargi
  3283 | Sewer    | Killed Pargi
  3284 | Sewer    | Gained mutation: A meltable shield of frost defends you.
                  | (SH +0) [demonic ancestry]
  3284 | Sewer    | Reached XP level 7. HP: 24/52 MP: 7/7
  3520 | D:4      | Found Junwutirr's Armour Shoppe.
  3923 | D:4      | Identified a scroll of acquirement
  3923 | D:4      | Acquired 1128 gold pieces
  3996 | D:5      | Entered Level 5 of the Dungeon
  4014 | D:5      | Found Ucuimn's Serpentskin Sales.
  4115 | D:5      | Reached skill level 5 in Armour
  4115 | D:5      | Reached skill level 5 in Dodging
  4130 | D:5      | Reached skill level 5 in Axes
  4323 | D:5      | Gained mutation: You are partially covered in large bone
                  | plates. (SH +4) [demonic ancestry]
  4323 | D:5      | Reached XP level 8. HP: 58/58 MP: 8/8
  4701 | D:6      | Identified the +1 long sword "Demon's Foe" {pain, *Slow
                  | rPois Str-4 Int+5}
  5118 | D:7      | Found a staircase to the Ecumenical Temple.
  5124 | D:7      | Noticed Dowan
  5124 | D:7      | Noticed Duvessa
  5139 | D:7      | Killed Dowan
  5142 | Temple   | Entered the Ecumenical Temple
  5149 | Temple   | Killed Duvessa
  5171 | Temple   | Became a worshipper of Cheibriados the Contemplative
  5171 | Temple   | Reached * piety under Cheibriados
  5171 | Temple   | Reached ** piety under Cheibriados
  5198 | D:7      | Noticed Pikel
  5211 | D:7      | Killed Pikel
  5253 | D:7      | Gained mutation: You have a pair of small horns on your
                  | head. [demonic ancestry]
  5253 | D:7      | Reached XP level 9. HP: 63/63 MP: 9/9
  5309 | D:7      | Found Jeemya's Assorted Antiques.
  5314 | D:7      | Bought a glowing broad axe for 217 gold pieces
  5314 | D:7      | Bought a sedimented yellow potion for 27 gold pieces
  5314 | D:7      | Bought a scroll labelled DIMESUT MINWOG for 31 gold pieces
  5314 | D:7      | Bought a scroll labelled GAM FOZA HOOZ for 31 gold pieces
  5314 | D:7      | Bought a potion of curing for 93 gold pieces
  5314 | D:7      | Bought a sapphire potion for 27 gold pieces
  5380 | D:7      | Reached skill level 1 in Shapeshifting
  5411 | D:7      | Noticed Maggie
  5418 | D:7      | Killed Maggie
  5585 | D:7      | Reached skill level 5 in Fighting
  5673 | D:8      | Gained mutation: A meltable icy envelope protects you from
                  | harm. (AC +0) [demonic ancestry]
  5673 | D:8      | Reached XP level 10. HP: 65/74 MP: 10/10
  5826 | D:8      | Reached *** piety under Cheibriados
  6368 | D:9      | Found a sparkling altar of Nemelex Xobeh.
  6373 | D:9      | Found a sacrificial altar of Ru.
  6373 | D:9      | Found an ancient bone altar of Kikubaaqudgha.
  6394 | D:9      | Found a basalt altar of Yredelemnul.
  6395 | D:9      | Found a hide-covered altar of Uskayaw.
  6425 | D:9      | Found a staircase to the Lair.
  6456 | D:9      | Found Luocluk's Distillery.
  6543 | D:9      | Reached **** piety under Cheibriados
  6560 | D:9      | Found a staircase to the Orcish Mines.
  6901 | Orc:1    | Entered Level 1 of the Orcish Mines
  6960 | Orc:1    | Noticed Nergalle
  6965 | Orc:1    | Noticed a spectral orc warlord
  6966 | Orc:1    | Killed Nergalle
  6967 | Orc:1    | Reached skill level 5 in Shapeshifting
  7025 | Orc:1    | Reached ***** piety under Cheibriados
  7026 | Orc:1    | Reached XP level 11. HP: 84/84 MP: 11/11
  7037 | Orc:1    | Noticed an orc knight
  7043 | Orc:1    | Noticed Harold
  7054 | Orc:1    | Killed an orc knight
  7066 | Orc:1    | Killed Harold
  7293 | Orc:2    | Entered Level 2 of the Orcish Mines
  7483 | Orc:2    | Found Xahass's Armour Emporium.
  7488 | Orc:2    | Bought the +3 tower shield of Inaction {rElec rC+} for 567
                  | gold pieces
  7505 | Orc:2    | Found a staircase to the Elven Halls.
  7518 | Orc:2    | Reached skill level 1 in Shields
  7533 | Orc:2    | Noticed an orc high priest
  7543 | Orc:2    | Noticed a soul eater
  7543 | Orc:2    | Killed an orc high priest
  7544 | Orc:2    | Noticed an orc high priest
  7547 | Orc:2    | Noticed an orc high priest
  7548 | Orc:2    | Noticed an orc high priest
  7550 | Orc:2    | Noticed a soul eater
  7552 | Orc:2    | Noticed an orc sorcerer
  7558 | Orc:2    | HP: 2/87 [orc high priest/divine providence (14)]
  7558 | Orc:2    | Mangled by a soul eater

Illustrated notes

Levels and vault maps discovered:
D:1:      dpeg_arrival_castle, layout_basic, serial_forest,
          infiniplex_forest_straight_2, infiniplex_forest_straight_3,
          infiniplex_forest_clump_double, infiniplex_forest_lined_1,
          infiniplex_forest_clump_small, infiniplex_forest_straight_2,
          infiniplex_forest_lined_3_way
D:2:      layout_rooms
D:3:      layout_basic, general_overflow_altar, uniq_terence
D:4:      minmay_chambers_of_fours, layout_loops_ring, gup_sewer_entry_pipe,
          serial_shops, shop, uniq_ijyb
D:5:      layout_basic, guppyfry_shop_venom
D:6:      layout_rooms
D:7:      layout_rooms, minmay_temple_entry_hall, serial_shops,
          nicolae_shop_overgrown_old_shop, uniq_pikel, uniq_maggie, uniq_duvessa
D:8:      layout_cave_pools
D:9:      layout_basic, grunt_temple_overflow_open, lair_entry_dummy,
          serial_shops, shop
Temple:   nicolae_temple_elliptical
Orc:1:    layout_caves, uniq_nergalle, uniq_harold
Orc:2:    st_orc_mages, layout_diamond_mine, serial_shops,
          nicolae_shop_rolling_square

Skill      XL: |  1  2  3  4  5  6  7  8  9 10 11 |
---------------+----------------------------------+-----
Axes           | 3 4 5 6 7 8 |  8.2
Dodging        | 3 4 5 6 7 |  7.0
Armour         | 1 2 3 4 5 7 8 |  8.1
Shapeshifting  | 2 5 |  5.8
Fighting       | 5 7 8 |  8.4
Shields        | 3 |  3.2

Action                     |  1- 3 |  4- 6 |  7- 9 | 10-12 || total
---------------------------+-------+-------+-------+-------++-------
  Melee: Hand axe          |    89 |    64 |       |       ||   153
         War axe           |       |    96 |   166 |       ||   262
         Broad axe         |       |       |    35 |   199 ||   234
         Headbutt          |       |       |    13 |    62 ||    75
  Throw: Javelin           |     5 |     1 |       |       ||     6
  Evoke: Wand              |       |       |       |     3 ||     3
    Use: Potion            |     1 |     1 |       |     3 ||     5
         Scroll            |       |       |     8 |    20 ||    28
   Stab: Distracted        |       |       |     1 |       ||     1
 Armour: Robe              |    11 |       |       |       ||    11
         Chain mail        |    30 |   137 |       |       ||   167
         Troll leather arm |       |       |    69 |    80 ||   149
  Dodge: Dodged            |    85 |    74 |   137 |   195 ||   491
  Block: Orb               |       |       |    75 |    86 ||   161
         Tower shield      |       |       |       |    69 ||    69

Table legend: (Time is in decaauts)
 A = Elapsed time spent in this place.
 B = Non-inter-level travel time spent in this place.
 C = Inter-level travel time spent in this place.
 D = Time resting spent in this place.
 E = Time spent auto-exploring this place.
 F = Levels seen in this place.
 G = Mean time per level.
                   A        B        C        D        E       F      G
               +--------+--------+--------+--------+--------+-----+--------+
         Total |   8918 |   8246 |    672 |      0 |   6378 |  13 |  686.0 |
       Dungeon |   7581 |   6986 |    595 |      0 |   5575 |   9 |  842.3 |
        Temple |     62 |     12 |     50 |      0 |      0 |   1 |   62.0 |
  Orcish Mines |   1043 |   1018 |     25 |      0 |    627 |   2 |  521.5 |
         Sewer |    231 |    231 |      0 |      0 |    175 |   1 |  231.0 |
               +--------+--------+--------+--------+--------+-----+--------+

Top non-repeatable levels by time:
     D:9: 1131 daAuts
     D:3: 1100 daAuts
     D:1: 1100 daAuts
     D:4: 1059 daAuts
     D:8: 791 daAuts
     D:7: 692 daAuts
     D:5: 682 daAuts
   Orc:1: 610 daAuts
     D:2: 569 daAuts
     D:6: 454 daAuts
   Orc:2: 432 daAuts
   Sewer: 231 daAuts
  Temple: 62 daAuts
